killed more than 5-6 Easy Eight

Match 35477908
End
Kradschützen Motorcycle Team
Panzergrenadier Squad
Panzergrenadier Squad
250 Light Carrier
Construct Light Support Kompanie
Selects Armored Support Battlegroup
Selects Superior Fire Drills
Fire Support Elements
Flakvierling Half-track
le.IG 18 Mechanized Group
Pak 38 Anti-tank Gun Team
Panzerpioneer Squad
2.5-tonne Medical Truck
Veteran Squad Leaders
Panzergrenadier Squad
Construct Panzerarmee Kommand
Armored Reserves
Selects Salvage Kits
Panzer IV Assault Group
Selects Panzer Storm
Selects Stuka Anti-tank Loiter
Tiger Heavy Tank
Vehicle Survival Package
Flak 36 Anti-tank Gun Team
Stuka Anti-tank Loiter
Stuka Anti-tank Loiter
Stuka Anti-tank Loiter
Selects Flammpanzer III Medium Tank
Selects Battlefield Salvage
Rei
JEFG
0
0

Comments sign in to comment!

No comments posted yet!